 Dungeon Crawl Stone Soup version 0.31-a0-1005-gfbdfbacc72 (webtiles) character file.

Game seed: 10583206773210241381

400 kae the Vexing (level 6, -5/41 HPs)
             Began as a Demonspawn Enchanter on Nov 10, 2023.
             Slain by an orc priest
             ... wielding a +0 trident
              (8 damage)
             ... on level 4 of the Dungeon.
             The game lasted 00:02:49 (3290 turns).

kae the Vexing (Demonspawn Enchanter)               Turns: 3290, Time: 00:02:49

Health: -5/41      AC:  2    Str:  8 (11) XL:     6   Next: 54%
Magic:  6/10       EV: 17    Int: 15 (16) God:
Gold:   89         SH:  0    Dex: 12 (13) Spells: 3/11 levels left

rFire   . . .        a - +1 dagger
rCold   + . .        (no shield)
rNeg    . . .        b - +0 robe
rPois   .            (no helmet)
rElec   .            (no cloak)
rCorr   .            (no gloves)
SInv    .            (no boots)
Will    .....        (no amulet)
Stlth   ++           C - ring of protection from cold
HPRegen 0.26/turn    (no ring)
MPRegen 0.12/turn

%: no passive effects
@: agile
A: powered by pain 1, weakness stinger 1
a: no special abilities


You were on level 4 of the Dungeon.
You visited 1 branch of the dungeon, and saw 4 of its levels.

You collected 89 gold pieces.


Innate Abilities, Weirdness & Mutations

You sometimes gain a little power by taking damage.
You have a small tail.


   Skills:
 * Level 3.3 Short Blades
 - Level 1.7 Dodging
 + Level 3.7 Stealth
 + Level 3.0 Spellcasting
 * Level 4.7 Hexes
 + Level 1.8 Ice Magic


You had 3 spell levels left.
You knew the following spells:

 Your Spells              Type           Power      Damage    Failure   Level
a - Ensorcelled Hibernat  Hex/Ice        24%        N/A       8%          2
b - Confusing Touch       Hex            16%        N/A       9%          3
c - Tukima's Dance        Hex            16%        N/A       9%          3

Your spell library contained the following spells:

 Spells                   Type           Power      Damage    Failure   Level
 Dazzling Flash           Conj/Hex       18%        N/A       22%         3
 Poisonous Vapours        Pois/Air       4%         N/A       30%         2
 Mephitic Cloud           Conj/Pois/Air  2%         N/A       52%         3
 Stone Arrow              Conj/Erth      4%         3d7       52%         3
 Animate Armour           Summ/Erth      4%         N/A       89%         4
 Silence                  Hex/Air        4%         N/A       91%         5
 Agony                    Necr           2%         N/A       99%         5
 Freezing Cloud           Conj/Ice/Air   2%         6-21      99%         5
 Lehudib's Crystal Spear  Conj/Erth      1%         10d2      100%        8

Inventory:

Hand Weapons
 a - a +1 dagger (weapon)
Missiles
 d - 3 boomerangs
 f - 22 stones
 g - 5 poisoned darts
Armour
 b - a +0 robe (worn)
Jewellery
 C - a ring of protection from cold (left hand)
   (You found it on level 3 of the Dungeon)
Wands
 q - a wand of charming (7)
   (You found it on level 4 of the Dungeon)
Scrolls
 h - 2 scrolls of identify {unknown}
 i - a scroll of fear {unknown}
 j - 4 scrolls of fog {unknown}
 k - 3 scrolls of teleportation {unknown}
 l - a scroll of vulnerability {unknown}
 r - a scroll of noise {unknown}
 s - a scroll of amnesia {unknown}
 t - a scroll of butterflies {unknown}
Potions
 c - a potion of invisibility
 e - 2 potions of curing {unknown}
 n - a potion of attraction {unknown}
 o - a potion of lignification {unknown}
 p - a potion of berserk rage {unknown}

Dungeon Overview and Level Annotations

Branches:
Dungeon (4/15) Zot: 20728
 Temple: D:4-7

Altars:

Annotations:
D:4 2 transporters, t4s4d4r's ghost, novice DjEE

####### #########
)...... ......oo#
####### #@# #########
#.#
######.......###.##
..................#
.......#.###..#)..#
########.# #..#.#.#
######.###..#.#.#####
#...................#
#.####.######.#.###.#


You could see 2 orc priests.


Message History

A ball python is nearby!
A ball python is nearby!
Casting: Ensorcelled Hibernation (safe; 8% risk of failure)
Confirm with . or Enter, or press ? or * to list all spells.
Aiming: Ensorcelled Hibernation (safe; 8% risk of failure)
Press: ? - help, Shift-Dir - straight line, f - ball python
Aim: a ball python (chance to affect: 63%)
You miscast Ensorcelled Hibernation.
You are very lightly contaminated with residual magic.
Nothing appears to happen. 😎 MP[-2]
You lost 2 mp, and now have 8/10 mp.
Casting: Ensorcelled Hibernation (safe; 8% risk of failure)
Confirm with . or Enter, or press ? or * to list all spells.
Aiming: Ensorcelled Hibernation (safe; 8% risk of failure)
Press: ? - help, Shift-Dir - straight line, f/p - ball python
Aim: a ball python (chance to affect: 63%)
The ball python looks drowsy... 😎 MP[-2]
You lost 2 mp, and now have 6/10 mp.
The helpless ball python fails to defend itself.
You impale the ball python!!
You kill the ball python!
No target in view!
No target in view!
No target in view!
Your magical contamination has completely faded away. 😎 MP[+1]
You see here a ball python corpse.
You see here a ball python corpse.
Key pressed, stopping explore.
A goblin comes into view. It is wielding a +0 dagger. 😎 MP[+3]
Your mp is fully restored (10).
A goblin is nearby!
A goblin is nearby!
The goblin shouts!
The goblin hits you with a +0 dagger.
You barely miss the goblin.
The goblin hits you with a +0 dagger. 😕 HP[-2]
You take 2 damage, and now have 39/41 hp.
A goblin is nearby!
You hit the goblin. The goblin hits you with a +0 dagger.
You hit the goblin.
You kill the goblin! 😕 HP[-4]
You take 4 damage, and now have 35/41 hp.
An orc priest comes into view. It is wielding a +0 trident. 😎 HP[+6]
Your hp is fully restored (41).
An orc comes into view. It is wielding a +0 whip.
There are monsters nearby!
An orc priest comes into view. It is wielding a +0 club.
The orc shouts!
The orc priest shouts!
The orc priest barely misses you. The orc hits you but does no damage.
You barely miss the orc priest.
The orc priest hits you with a +0 trident.
The orc hits you with a +0 whip.
There are monsters nearby! 😕 HP[-9]
You take 9 damage, and now have 32/41 hp.
MASSIVE DAMAGE!! (PAUSE)
Casting: Ensorcelled Hibernation (safe; 8% risk of failure)
Confirm with . or Enter, or press ? or * to list all spells.
Aiming: Ensorcelled Hibernation (safe; 8% risk of failure)
Press: ? - help, Shift-Dir - straight line, f - orc
Aim: an orc, wielding a +0 whip (chance to affect: 63%)
The orc looks drowsy...
The orc priest miscasts a cantrip.
The orc priest calls down the wrath of Beogh upon you.
Beogh smites you!
You focus on the pain.
You feel agile all of a sudden. 😮 HP[-10] MP[-2]
You take 10 damage, and now have 22/41 hp.
MASSIVE DAMAGE!! (PAUSE)
You lost 2 mp, and now have 8/10 mp.
The helpless orc fails to defend itself.
You impale the orc!!
You kill the orc!
Casting: Ensorcelled Hibernation (safe; 8% risk of failure)
Confirm with . or Enter, or press ? or * to list all spells.
Aiming: Ensorcelled Hibernation (safe; 8% risk of failure)
Press: ? - help, Shift-Dir - straight line, f - orc priest
Aim: an orc priest, wielding a +0 trident (chance to affect: 46%)
The orc priest resists with some effort.
The orc priest calls down the wrath of Beogh upon you.
Beogh smites you!
* * * LOW HITPOINT WARNING * * *
😱 HP[-15] MP[-2]
You take 15 damage, and now have 7/41 hp.
MASSIVE DAMAGE!! (PAUSE)
You lost 2 mp, and now have 6/10 mp.
Unknown command.
It was a potion of degeneration.
There was something very wrong with that liquid.
You feel weakened.
You feel dopey.
You feel clumsy. The orc priest hits you with a +0 club.
* * * LOW HITPOINT WARNING * * *
The orc priest hits you with a +0 trident!
You die...

Skill      XL: |  1  2  3  4  5  6 |
---------------+-------------------+-----
Short Blades   | 1 2 3 |  3.3
Stealth        | 3 |  3.7
Ice Magic      | 1 |  1.8
Hexes          | 4 |  4.7
Spellcasting   | 3 |  3.0
Dodging        | |  1.7

Action                     |  1- 3 |  4- 6 || total
---------------------------+-------+-------++-------
  Melee: Dagger            |   116 |    97 ||   213
         Tailslap          |    10 |    13 ||    23
   Cast: Ensorcelled Hiber |    14 |    20 ||    34
         Confusing Touch   |       |     1 ||     1
    Use: Potion            |       |     2 ||     2
   Stab: Sleeping          |    14 |    14 ||    28
         Confused          |       |     1 ||     1
 Armour: Robe              |    36 |    55 ||    91
  Dodge: Dodged            |    49 |    64 ||   113

Levels and vault maps discovered:
D:1:      onia_arrival_pentagram, layout_basic
D:2:      layout_loops_ring
D:3:      layout_basic, nicolae_ecumenical_lake_church,
          minmay_misc_feat_enclosed, uniq_jessica, uniq_crazy_yiuf_cottage,
          uniq_sigmund
D:4:      layout_loops_ring, gammafunk_ghost_abyssal_escape

Notes
Turn   | Place    | Note
-------+----------+-------------------------------------------
     0 | D:1      | kae the Demonspawn Enchanter began the quest for the Orb.
     0 | D:1      | Reached XP level 1. HP: 13/13 MP: 3/3
     0 | D:1      | magus.rc [v1.11.3]
    54 | D:1      | Reached skill level 1 in Short Blades
   124 | D:1      | You pick up a book of Armaments and begin reading...
   124 | D:1      | You add the spells Stone Arrow, Animate Armour and
                  | Lehudib's Crystal Spear to your library.
   251 | D:1      | You feel monstrous as your demonic heritage exerts itself.
   251 | D:1      | Discovered your monstrous ancestry.
   251 | D:1      | Gained mutation: You have a small tail. [demonic ancestry]
   251 | D:1      | Reached XP level 2. HP: 19/19 MP: 5/5
   259 | D:1      | Learned a level 2 spell: Ensorcelled Hibernation
   714 | D:2      | Identified the +1 robe of the Armoured One {Fly Slay+2}
   851 | D:2      | Reached XP level 3. HP: 22/24 MP: 6/6
   854 | D:2      | Reached skill level 3 in Stealth
   869 | D:2      | HP: 2/24 [worm (10)]
   920 | D:2      | HP: 6/24 [worm (4)]
  1393 | D:2      | Learned a level 3 spell: Confusing Touch
  1431 | D:3      | Noticed Sigmund
  1463 | D:3      | Reached skill level 2 in Short Blades
  1528 | D:3      | Gained mutation: You sometimes gain a little power by
                  | taking damage. [demonic ancestry]
  1528 | D:3      | Reached XP level 4. HP: 25/30 MP: 4/7
  1700 | D:3      | Noticed Jessica
  1710 | D:3      | Killed Jessica
  1881 | D:3      | Reached skill level 1 in Ice Magic
  1892 | D:3      | HP: 7/30 [orc/+0 trident (5)]
  1895 | D:3      | Reached XP level 5. HP: 8/35 MP: 3/8
  1983 | D:3      | Reached skill level 4 in Hexes
  2047 | D:3      | Found a faded altar of an unknown god.
  2184 | D:3      | You pick up a book of the Senses and begin reading...
  2184 | D:3      | You add the spells Agony and Silence to your library.
  2410 | D:3      | HP: 6/35 [something (6)]
  2529 | D:3      | Killed Sigmund
  2530 | D:3      | Reached skill level 3 in Short Blades
  2530 | D:3      | Reached XP level 6. HP: 41/41 MP: 4/10
  2679 | D:4      | Learned a level 3 spell: Tukima's Dance
  2836 | D:4      | Reached skill level 3 in Spellcasting
  2980 | D:4      | Noticed an ancient zyme
  3018 | D:4      | Found a transporter.
  3022 | D:4      | Found a transporter.
  3088 | D:4      | You pick up a book of Vapours and begin reading...
  3088 | D:4      | You add the spells Poisonous Vapours, Mephitic Cloud and
                  | Freezing Cloud to your library.
  3196 | D:4      | Noticed t4s4d4r's ghost (novice DjEE)
  3289 | D:4      | HP: 7/41 [orc priest/divine providence (15)]
  3290 | D:4      | HP: 3/41 [orc priest/+0 club (4)]
  3290 | D:4      | Slain by an orc priest

Vanquished Creatures
  Sigmund (D:3)
  A phantom (D:4)
  An orc priest (D:3)
  Jessica (D:3)
  2 adders
  5 worms
  A dart slug (D:4)
  7 orcs
  3 ball pythons
  6 endoplasms
  3 giant cockroaches
  3 goblins
  4 hobgoblins
  4 jackals (D:4)
  6 kobolds
  2 quokkas
  3 bats
  8 frilled lizards
  3 rats
64 creatures vanquished.

Table legend:
 A = Non-vault XP
 B = Vault XP
 C = Vault XP percentage of total XP
 D = Non-vault monster count
 E = Vault monster count
 F = Vault count percentage of total count
                 A         B        C        D         E       F
            +---------+---------+-------+---------+---------+-------
      Total |     296 |     276 |  48.3 |      62 |       2 |   3.1
            +---------+---------+-------+---------+---------+-------
        D:1 |      23 |       0 |   0.0 |      14 |       0 |   0.0
        D:2 |      52 |       0 |   0.0 |      18 |       0 |   0.0
        D:3 |      93 |     276 |  74.8 |      18 |       2 |  10.0
        D:4 |     128 |       0 |   0.0 |      12 |       0 |   0.0
            +---------+---------+-------+---------+---------+-------

Skill      XL: |  1  2  3  4  5  6 |
---------------+-------------------+-----
Short Blades   | 1 2 3 |  3.3
Stealth        | 3 |  3.7
Ice Magic      | 1 |  1.8
Hexes          | 4 |  4.7
Spellcasting   | 3 |  3.0
Dodging        | |  1.7

Action                     |  1- 3 |  4- 6 || total
---------------------------+-------+-------++-------
  Melee: Dagger            |   116 |    97 ||   213
         Tailslap          |    10 |    13 ||    23
   Cast: Ensorcelled Hiber |    14 |    20 ||    34
         Confusing Touch   |       |     1 ||     1
    Use: Potion            |       |     2 ||     2
   Stab: Sleeping          |    14 |    14 ||    28
         Confused          |       |     1 ||     1
 Armour: Robe              |    36 |    55 ||    91
  Dodge: Dodged            |    49 |    64 ||   113

Illustrated notes

Table legend:
 A = Kills in this place as a percentage of kills in the entire game.
 B = Kills by you in this place as a percentage of kills by you in the entire game.
 C = Kills by friends in this place as a percentage of kills by friends in the entire game.
 D = Other kills in this place as a percentage of other kills in the entire game.
 E = Experience gained in this place as a percentage of experience gained in the entire game.
 F = Experience gained in this place divided by the number of levels of this place that you have seen.
                   A       B       C       D       E      F
               +-------+-------+-------+-------+-------+----------------------
         Total | 100.0 | 100.0 |   N/A |   N/A | 100.0 | 143.0
       Dungeon | 100.0 | 100.0 |   N/A |   N/A | 100.0 | 143.0
               +-------+-------+-------+-------+-------+----------------------

Table legend: (Time is in decaauts)
 A = Elapsed time spent in this place.
 B = Non-inter-level travel time spent in this place.
 C = Inter-level travel time spent in this place.
 D = Time resting spent in this place.
 E = Time spent auto-exploring this place.
 F = Levels seen in this place.
 G = Mean time per level.
                   A        B        C        D        E       F      G
               +--------+--------+--------+--------+--------+-----+--------+
         Total |   3270 |   3156 |    114 |    133 |   2480 |   4 |  817.5 |
       Dungeon |   3270 |   3156 |    114 |    133 |   2480 |   4 |  817.5 |
               +--------+--------+--------+--------+--------+-----+--------+

Top non-repeatable levels by time:
     D:3: 1135 daAuts
     D:2: 937 daAuts
     D:4: 608 daAuts
     D:1: 589 daAuts
